 Dungeon Crawl Stone Soup version 0.26.1-11-gd32895ea62 (webtiles) character file.

Game seed: 4484101277526074863

132 Descartes the Sneak (level 4, -7/23 HPs)
             Began as a Felid Wanderer on May 1, 2021.
             Killed by divine providence
             ... invoked by an orc priest
              (15 damage)
             ... on level 2 of the Dungeon.
             The game lasted 00:05:56 (3546 turns).

Descartes the Sneak (Felid Wanderer)                Turns: 3546, Time: 00:05:57

Health: -7/23      AC:  1    Str: 10    XL:     4   Next: 92%
Magic:  5/5        EV: 19    Int: 12    God:
Gold:   114        SH:  0    Dex: 16    Spells: 3/3 levels left
                                        Lives:  0   Deaths: 1

rFire    . . .     SeeInvis +     - Unarmed
rCold    . . .     Faith    .   (shield unavailable)
rNeg     . . .     Spirit   .   (armour unavailable)
rPois    .         Reflect  .   (helmet unavailable)
rElec    .         Harm     .   (cloak unavailable)
rCorr    .         Rampage  .   (gloves unavailable)
Will     .....                  (boots unavailable)
Stlth    ++++......             (no amulet)
HPRegen  0.07/turn              (no ring)
MPRegen  0.09/turn              (no ring)

@: quick
A: very small, no armour, no weapons or thrown items, stealth, claws 1, fangs 3,
see invisible, speed 1, shaggy fur 1, sharp paws
a: no special abilities


You were on level 2 of the Dungeon.
You visited 1 branch of the dungeon, and saw 2 of its levels.

You collected 114 gold pieces.

Inventory:

Missiles
 e - 28 arrows
 j - 114 stones
Scrolls
 a - a scroll of blinking
 c - 2 scrolls of teleportation
 f - 2 scrolls of remove curse {unknown}
 h - 2 scrolls of identify {unknown}
 k - a scroll of random uselessness {unknown}
 l - a scroll of enchant weapon {unknown}
 o - 4 scrolls of magic mapping {unknown}
 p - a scroll of immolation {unknown}
Potions
 b - a potion of haste
 d - 2 potions of lignification
 g - a potion of brilliance {unknown}
 i - 2 potions of heal wounds {unknown}
 m - 3 potions of curing {unknown}
 n - a potion of resistance {unknown}
 q - a potion of degeneration {unknown}
 r - a potion of cancellation {unknown}


   Skills:
 - Level 5.0 Fighting
 + Level 4.3 Dodging
 + Level 6.3 Stealth
 + Level 3.9 Unarmed Combat


You had 3 spell levels left.
You didn't know any spells.
Your spell library was empty.

Dungeon Overview and Level Annotations

Branches:
Dungeon (2/15)

Altars:
Ashenzari
Okawaru
Qazlal
Zin

Annotations:
D:1 Terence
D:2 Natasha


Innate Abilities, Weirdness & Mutations

You cannot wear armour.
You are incapable of wielding weapons or throwing items.
Your paws allow you to move quietly. (Stealth)
You have sharp claws.
You have razor-sharp teeth.
You have supernaturally acute eyesight. (SInv)
You cover ground quickly.
You are covered in fur. (AC +1)
Your sharp claws are effective at attacking unaware monsters.


Message History

The orc hits you with a +0 falchion.
You scratch the orc wizard.
The orc wizard is moderately wounded.
The orc closely misses you. The orc misses you.
You scratch the orc wizard.
The orc wizard is heavily wounded.
The orc wizard casts a spell at you. The puff of flame misses you.
The orc closely misses you. The orc completely misses you.
You scratch the orc wizard.
The orc wizard is heavily wounded.
The orc wizard hits you with a +0 dagger.
The orc throws a boomerang.
The boomerang misses you.
The weapon returns to the orc!
The orc wizard gestures wildly while chanting.
The orc wizard seems to speed up.
The orc priest calls down the wrath of Beogh upon you.
Beogh smites you!
Ouch! That really hurt!
You die...

...................##.#.
#.#....................
#.#....#.#+#...........
####.#....#...............
#....................##...
######.#..#.....####.##...
#.....................
#..#..###.#.##.)......
#..#.@# .#.....)..... ...
#..#..# .#......._...
....#..#..###.#.##........
(.........o................
#................##._..8.._
#....#.##.o................
#....#.###o###.#.##........
#....#.# #o# .# ##...._...
#### #.#...o.........#.....


You could see an orc priest, an orc wizard (fast) and 2 orcs.

Vanquished Creatures
  Sigmund (D:2)
  Natasha (twice) (D:2)
  An adder (D:1)
  An ooze (D:1)
  2 worms (D:2)
  3 dart slugs (D:2)
  A leopard gecko (D:1)
  A giant cockroach (D:1)
  6 goblins
  6 hobgoblins
  A ball python (D:1)
  5 bats
  3 frilled lizards
  6 kobolds
  2 rats
41 creatures vanquished.

Notes
Turn   | Place    | Note
-------+----------+-------------------------------------------
     0 | D:1      | Descartes the Felid Wanderer began the quest for the Orb.
     0 | D:1      | Descartes set off with the following items: a scroll of
                  | blinking, a potion of haste, a scroll of teleportation, a
                  | potion of lignification
     0 | D:1      | Reached XP level 1. HP: 12/12 MP: 2/2
   177 | D:1      | Reached skill level 1 in Dodging
   242 | D:1      | Reached XP level 2. HP: 16/16 MP: 3/3
  1333 | D:2      | Noticed Terence
  1665 | D:1      | Reached XP level 3. HP: 8/19 MP: 4/4
  2433 | D:2      | Found a glowing silver altar of Zin.
  2435 | D:2      | Found a broken altar of Ashenzari.
  2435 | D:2      | Found a stormy altar of Qazlal.
  2435 | D:2      | Noticed Natasha
  2443 | D:2      | Killed Natasha
  2444 | D:2      | Reached skill level 5 in Stealth
  2444 | D:2      | Reached XP level 4. HP: 4/23 MP: 5/5
  2832 | D:2      | Found an iron altar of Okawaru.
  2990 | D:2      | Noticed Sigmund
  3019 | D:2      | Killed Sigmund
  3020 | D:2      | Reached skill level 6 in Stealth
  3020 | D:2      | Reached XP level 5. HP: 17/26 MP: 6/6
  3136 | D:2      | Found a stormy altar of Qazlal.
  3236 | D:2      | Noticed Natasha
  3244 | D:2      | Killed Natasha
  3468 | D:2      | Noticed Natasha
  3478 | D:2      | Killed from afar by Natasha
  3479 | D:2      | Reached XP level 4. HP: -3/23 MP: 5/5
  3546 | D:2      | Killed from afar by an orc priest

Illustrated notes

Levels and vault maps discovered:
D:1:      roderic_octagonal_star, layout_basic, grunt_decor_one_mirror,
          supply_closet_lemuel, minmay_tiny_reverse_x
D:2:      layout_basic, grunt_temple_overflow_open,
          nicolae_qazlal_general_emergency, uniq_terence, uniq_sigmund,
          uniq_natasha

Skill      XL: |  1  2  3  4 |
---------------+-------------+-----
Dodging        | 1 2 4 |  4.3
Stealth        | 5 6 |  6.3
Unarmed Combat | 3 |  3.9
Fighting       | |  5.0

Action                   |  1- 3 |  4- 6 || total
-------------------------+-------+-------++-------
Melee: Unarmed           |    82 |    44 ||   126
       Bite              |     4 |     4 ||     8
       Punch             |       |     2 ||     2
 Stab: Sleeping          |     8 |     3 ||    11
       Distracted        |     1 |       ||     1
Armor: Skin              |     7 |     1 ||     8
Dodge: Dodged            |    52 |    30 ||    82
